 Dungeon Crawl Stone Soup version 0.27-a0-819-g058290f16d (webtiles) character file.

Game seed: 17709302251073663110

72 polve the Slasher (level 4, 0/35 HPs)
             Began as a Demonspawn Abyssal Knight on Mar 29, 2021.
             Was a Believer of Lugonu.
             Succumbed to an orc's poison
             ... on level 3 of the Dungeon.
             The game lasted 00:02:17 (3815 turns).

polve the Slasher (Demonspawn Abyssal Knight)       Turns: 3815, Time: 00:02:17

Health: 0/35       AC:  3    Str: 12    XL:     4   Next: 6%
Magic:  5/5        EV: 11    Int: 15    God:    Lugonu [**....]
Gold:   146        SH:  0    Dex: 12    Spells: 3/3 levels left

rFire    . . .     SeeInvis .   a - +1 falchion
rCold    . . .     Faith    .   (no shield)
rNeg     . . .     Spirit   .   b - +0 leather armour
rPois    .         Reflect  .   (no helmet)
rElec    .         Harm     .   (no cloak)
rCorr    .         Rampage  .   (no gloves)
Will     .....                  (no boots)
Stlth    +.........             (no amulet)
HPRegen  0.11/turn              (no ring)
MPRegen  0.09/turn              (no ring)

@: lethally poisoned (0 -> -6), flying
A: foul stench 1
a: Renounce Religion, Depart the Abyss, Bend Space


You were on level 3 of the Dungeon.
You worshipped Lugonu.
Lugonu was pleased with you.
You visited 1 branch of the dungeon, and saw 3 of its levels.
You visited the Abyss 1 time.

You collected 146 gold pieces.

Inventory:

Hand Weapons
 a - a +1 falchion (weapon)
Armour
 b - a +0 leather armour (worn)
 j - a +0 cloak
Jewellery
 k - a ring of poison resistance
 o - a +6 ring of strength
Wands
 m - a wand of paralysis (7)
Scrolls
 c - 3 scrolls of teleportation {unknown}
 d - 3 scrolls of vulnerability {unknown}
 e - 5 scrolls of identify {unknown}
 h - a scroll of immolation {unknown}
 i - a scroll of enchant weapon {unknown}
 n - a scroll of acquirement {unknown}
Potions
 f - a potion of lignification {unknown}
 l - a potion of curing {unknown}


   Skills:
 - Level 3.0 Fighting
 + Level 4.0 Long Blades
 - Level 1.7 Armour
 - Level 0.8 Dodging
 - Level 2.4 Invocations


You had 3 spell levels left.
You didn't know any spells.
Your spell library contained the following spells:

 Spells                   Type           Power      Damage    Failure   Level
 Animate Skeleton         Necr           0%         N/A       34%         1
 Apportation              Tloc           0%         N/A       34%         1
 Corona                   Hex            0%         N/A       34%         1
 Summon Small Mammal      Summ           0%         N/A       34%         1
 Call Imp                 Summ           0%         N/A       45%         2
 Call Canine Familiar     Summ           0%         N/A       71%         3
 Summon Guardian Golem    Hex/Summ       0%         N/A       71%         3
 Summon Ice Beast         Ice/Summ       0%         N/A       98%         4
 Summon Lightning Spire   Summ/Air       0%         N/A       98%         4


Dungeon Overview and Level Annotations

Branches:
Dungeon (3/15)

Altars:

Annotations:
D:3 Jessica


Innate Abilities, Weirdness & Mutations

You may rarely emit foul miasma when damaged in melee.


Message History

Pain shoots through your body!
Jessica casts a spell.
Jessica seems to speed up.
The orc misses you.
The frilled lizard unfolds its giant frill.
Jessica closely misses you.
The orc hits you from afar with a +2 trident of venom.
Jessica hits you with a +0 dagger.
You barely miss Jessica.
Jessica points at you and mumbles some strange words.
Pain shoots through your body!
The orc hits you from afar with a +2 trident of venom.
You are poisoned.
The frilled lizard misses you.
You are too injured to fight recklessly!
You are too injured to fight recklessly!
You are too injured to fight recklessly!
You are too injured to fight recklessly!
You are too injured to fight recklessly!
You are too injured to fight recklessly!
You are too injured to fight recklessly!
You are too injured to fight recklessly!
Okay, then.
You feel very sick.
Jessica mumbles some strange words.
Jessica blinks!
You feel sick.
Jessica looks very angry.
Jessica gestures at you while chanting. Pain shoots through your body!
* * * LOW HITPOINT WARNING * * *
The frilled lizard bites you but does no damage.
You feel sick.
The orc hits you from afar with a +2 trident of venom!
* * * LOW HITPOINT WARNING * * *
Jessica mumbles some strange words.
Jessica blinks!
The frilled lizard barely misses you.
It was a potion of flight.
You feel very buoyant.
You fly up into the air.
You die...

#### #.... ## ..### #..#..
.###### ..... .
#....#####....... ...####
.##..#............ ...#...
....#............
......#.#
#...@.....ยง..###
..##..#...##..............
...#..# #.......@l....###
...#..######.....#o....#
##.#....##.#....##.....#
#..#.##....#.#####.....#
#.##.#####...# #.....#
#.##....##########.....+
#.#####.#.......##.....#
..##.##.#.####.###.....#
.....##.#.#..#.# #.....#


You could see Jessica (fast), an orc and a frilled lizard.

Vanquished Creatures
  3 worms (D:2)
  2 dart slugs
  3 orcs (D:2)
  4 ball pythons (D:1)
  9 bats
  10 endoplasms
  3 giant cockroaches (D:1)
  3 hobgoblins
  3 jackals (D:3)
  4 kobolds
  A frilled lizard (D:2)
  3 goblins
  3 rats
51 creatures vanquished.

Notes
Turn   | Place    | Note
-------+----------+-------------------------------------------
     0 | Abyss:1  | polve the Demonspawn Abyssal Knight began the quest for the
                  | Orb.
     0 | Abyss:1  | Reached XP level 1. HP: 18/18 MP: 2/2
    76 | Abyss:2  | Noticed a sixfirhy
    78 | D:1      | Escaped the Abyss
   203 | D:1      | Reached skill level 2 in Long Blades
   232 | D:1      | Reached * piety under Lugonu
   629 | D:1      | Gained mutation: You may rarely emit foul miasma when
                  | damaged in melee. [demonic ancestry]
   629 | D:1      | Reached XP level 2. HP: 24/24 MP: 3/3
  1058 | D:1      | Reached skill level 3 in Long Blades
  1318 | D:2      | Reached XP level 3. HP: 9/29 MP: 4/4
  2125 | D:2      | Reached ** piety under Lugonu
  2139 | D:2      | HP: 1/29 [orc/+0 trident (8)]
  3566 | D:3      | Reached XP level 4. HP: 35/35 MP: 5/5
  3580 | D:3      | Reached skill level 4 in Long Blades
  3807 | D:3      | Noticed Jessica
  3814 | D:3      | HP: 1/35 [orc/+2 trident of venom (7)]
  3815 | D:3      | Succumbed to an orc's poison

Illustrated notes

Levels and vault maps discovered:
D:1:      scummos_arrival_simple_crosswalls, layout_loops_cross,
          corexii_hall_statues_x
D:2:      layout_basic
D:3:      layout_basic, uniq_jessica

Skill      XL: |  1  2  3  4 |
---------------+-------------+-----
Long Blades    | 2 3 4 |  4.0
Fighting       | |  3.0
Armour         | |  1.7
Dodging        | |  0.8
Invocations    | |  2.4

Action                   |  1- 3 |  4- 6 || total
-------------------------+-------+-------++-------
Melee: Falchion          |   135 |     8 ||   143
Invok: Depart the Abyss  |     1 |       ||     1
  Use: Potion            |       |     1 ||     1
 Stab: Sleeping          |     1 |       ||     1
Armor: Leather armour    |    54 |     4 ||    58
Dodge: Dodged            |   105 |     8 ||   113
       Rpst.: Falchion   |    22 |     1 ||    23

Table legend: (Time is in decaauts)
 A = Elapsed time spent in this place.
 B = Non-inter-level travel time spent in this place.
 C = Inter-level travel time spent in this place.
 D = Time resting spent in this place.
 E = Time spent auto-exploring this place.
 F = Levels seen in this place.
 G = Mean time per level.
                   A        B        C        D        E       F      G
               +--------+--------+--------+--------+--------+-----+--------+
         Total |   3834 |   3800 |     34 |      0 |   3407 |   5 |  766.8 |
       Dungeon |   3756 |   3722 |     34 |      0 |   3346 |   3 | 1252.0 |
         Abyss |     77 |     77 |      0 |      0 |     61 |   2 |   38.5 |
               +--------+--------+--------+--------+--------+-----+--------+

Top non-repeatable levels by time:
     D:2: 1901 daAuts
     D:1: 1375 daAuts
     D:3: 480 daAuts
 Abyss:1: 73 daAuts
 Abyss:2: 4 daAuts
